 Dungeon Crawl Stone Soup version 0.30-b1-2-g02819fbbbe (webtiles) character file.

Game seed: 17638689897271648894

101 TittyCrusher the Cudgeller (level 5, -4/41 HPs)
             Began as a Formicid Fighter on May 3, 2023.
             Killed by nerve-wracking pain
             ... invoked by an orc priest
              (8 damage)
             ... on level 3 of the Dungeon.
             The game lasted 00:02:38 (1698 turns).

TittyCrusher the Cudgeller (Formicid Fighter)       Turns: 1698, Time: 00:02:39

Health: -4/41      AC:  6    Str: 21    XL:     5   Next: 4%
Magic:  5/5        EV:  9    Int:  7    God:
Gold:   91         SH:  5    Dex: 15    Spells: 4/4 levels left

rFire   . . .        a - +0 flail
rCold   . . .        c - +0 buckler
rNeg    . . .        b - +0 scale mail
rPois   .            (helmet unavailable)
rElec   .            (no cloak)
rCorr   .            (no gloves)
SInv    +            (no boots)
Will    .....        h - amulet of the acrobat Stlth
                     (no ring)
HPRegen 0.26/turn    (no ring)
MPRegen 0.09/turn

%: acrobat
@: mighty
A: permanent stasis, dig shafts and tunnels, antennae 3, four strong arms
a: Dig, Shaft Self


You were on level 3 of the Dungeon.
You visited 1 branch of the dungeon, and saw 3 of its levels.

You collected 91 gold pieces.

Inventory:

Hand Weapons
 a - a +0 flail (weapon)
Armour
 b - a +0 scale mail (worn)
 c - a +0 buckler (worn)
Jewellery
 h - an amulet of the acrobat (around neck)
Wands
 i - a wand of paralysis (5)
Scrolls
 e - 3 scrolls of teleportation
 g - a scroll of magic mapping
 k - a scroll of amnesia {unknown}
Potions
 f - 2 potions of lignification {unknown}
 j - a potion of heal wounds {unknown}


   Skills:
 - Level 3.2 Fighting
 + Level 4.8 Maces & Flails
 - Level 3.2 Armour
 - Level 4.0 Shields


You had 4 spell levels left.
You didn't know any spells.
Your spell library contained the following spells:

 Spells                   Type           Power      Damage    Failure   Level
 Portal Projectile        Hex/Tloc       0%         N/A       99%         3
 Tukima's Dance           Hex            0%         N/A       99%         3
 Blade Hands              Tmut           0%         N/A       100%        5


Dungeon Overview and Level Annotations

Branches:
Dungeon (3/15)

Altars:
Kikubaaqudgha
Zin


Innate Abilities, Weirdness & Mutations

You cannot be hasted, slowed, berserked, paralysed or teleported.
You can dig through walls and to a lower floor.
You have a pair of large antennae on your head. (SInv)
Your four strong arms can wield two-handed weapons with a shield.


Message History

The orc priest is severely wounded.
The orc priest calls down the wrath of Beogh upon you.
You struggle to resist.
You hit the orc priest but do no damage.
The orc priest is severely wounded.
The orc priest closely misses you.
The orc priest mumbles some strange prayers to Beogh against you.
Beogh smites you!
You are too injured to fight recklessly!
You barely miss the orc priest.
The orc priest is heavily wounded.
An adder comes into view.
The orc priest hits you but does no damage.
You block the frilled lizard's attack.
You closely miss the orc priest.
The orc priest is heavily wounded.
The adder hisses angrily.
The orc priest closely misses you.
The frilled lizard bites you but does no damage.
You feel very mighty all of a sudden.
The orc priest calls down the wrath of Beogh upon you.
Beogh smites you!
* * * LOW HITPOINT WARNING * * *
The frilled lizard bites you but does no damage.
Unknown command.
You barely miss the orc priest.
The orc priest is heavily wounded.
The frilled lizard barely misses you. The orc closely misses you.
The orc priest hits you but does no damage.
Unknown command.
As you read the scroll labelled FELUDW QAOXU, it crumbles to dust.
You feel a strange sense of stasis.
It was a scroll of teleportation.
The frilled lizard barely misses you.
The orc priest begins to cast a cantrip, but forgets the words!
The orc closely misses you.
As you read the scroll labelled YPNODU DOASEMM, it crumbles to dust.
You feel aware of your surroundings.
It was a scroll of magic mapping.
The orc priest calls down the wrath of Beogh upon you.
Pain shoots through your body!
You die...

*,,,***#.#.#......#
*,*** *##.....#...#
**,*****.###.†....##
*,,,,**,#....#....#
*,,*****###.#...#.#
,,,* **#.#..#...#
**,* *[.#.......#
*,* ###........# *,*
#####{#@.# *,*
**#....oloo#* **,***
*,.#....JS..# *,,,,*
**#.#..#....#
*,*******##.#...#..#
*,* *,*....#..o..#
,,* **,#*#,...,..#
*,* ***,,...#,..#
*,* ****,*,*^,,,,,*


You could see an orc priest, an adder, 2 orcs, an endoplasm and a frilled
lizard.

Vanquished Creatures
  Natasha (D:3)
  An adder (D:2)
  2 dart slugs (D:1)
  2 endoplasms (D:1)
  3 giant cockroaches
  5 goblins (D:1)
  6 hobgoblins
  6 jackals (D:1)
  5 kobolds
  2 quokkas (D:1)
  10 ball pythons
  6 bats
  2 frilled lizards
  7 rats
58 creatures vanquished.

Vanquished Creatures (others)
  6 plants (D:1)
6 creatures vanquished.

Grand Total: 64 creatures vanquished

Notes
Turn   | Place    | Note
-------+----------+-------------------------------------------
     0 | D:1      | TittyCrusher the Formicid Fighter began the quest for the
                  | Orb.
     0 | D:1      | Reached XP level 1. HP: 18/18 MP: 1/1
    99 | D:1      | Reached XP level 2. HP: 24/24 MP: 2/2
   227 | D:1      | Reached XP level 3. HP: 29/29 MP: 3/3
   297 | D:1      | Found a faded altar of an unknown god.
   842 | D:2      | Reached XP level 4. HP: 35/35 MP: 4/4
  1215 | D:2      | Found a glowing silver altar of Zin.
  1542 | D:3      | Noticed Natasha
  1547 | D:3      | Killed Natasha
  1564 | D:3      | Reached XP level 5. HP: 37/41 MP: 5/5
  1640 | D:3      | Found an ancient bone altar of Kikubaaqudgha.
  1698 | D:3      | Killed from afar by an orc priest

Illustrated notes

Levels and vault maps discovered:
D:1:      amcnicky_arrival_blooded_trapdoor, layout_loops_ring,
          dilly_ecumenical_altar_fadedgnrine, st_stairs_8
D:2:      layout_rooms, basic_altar, kennysheep_generic_room_14
D:3:      layout_loops_ring, kiku_gazebo_garden_becter,
          minmay_increasing_density, uniq_natasha, uniq_sigmund,
          uniq_crazy_yiuf_cottage

Skill      XL: |  1  2  3 |
---------------+----------+-----
Maces & Flails | 3 4 |  4.8
Fighting       | |  3.2
Armour         | |  3.2
Shields        | |  4.0

Action                     |  1- 3 |  4- 6 || total
---------------------------+-------+-------++-------
  Melee: Flail             |   101 |    82 ||   183
    Use: Scroll            |       |     2 ||     2
         Potion            |       |     1 ||     1
 Armour: Scale mail        |    47 |    32 ||    79
  Dodge: Dodged            |    41 |    40 ||    81
  Block: Buckler           |    29 |    24 ||    53
